 Dungeon Crawl Stone Soup version 0.27-b1-16-g6517624069 (webtiles) character file.

Game seed: 7745227893279647418

134 vvl the Stinger (level 5, -1/33 HPs)
             Began as an Octopode Venom Mage on July 26, 2021.
             Slain by a gnoll (6 damage)
             ... on level 2 of the Dungeon.
             The game lasted 00:05:29 (3252 turns).

vvl the Stinger (Octopode Venom Mage)               Turns: 3252, Time: 00:05:30

Health: -1/33      AC:  1    Str:  8    XL:     5   Next: 17%
Magic:  0/8        EV: 13    Int: 18    God:
Gold:   46         SH:  0    Dex: 12    Spells: 7/8 levels left

rFire    . . .     SeeInvis .     - Unarmed
rCold    . . .     Faith    .   (no shield)
rNeg     . . .     Spirit   .   (helmet restricted)
rPois    .         Reflect  .   (no amulet)
rElec    .         Harm     .   (no ring)
rCorr    .         Rampage  .   (no ring)
Will     .....                  (no ring)
Stlth    +++.......             (no ring)
HPRegen  0.11/turn              (no ring)
MPRegen  0.11/turn              (no ring)
                                (no ring)
                                (no ring)

@: no status effects
A: almost no armour, amphibious, 8 rings, camouflage 1, gelatinous body 1,
(nimble swimmer 1), tentacles
a: no special abilities


You were on level 2 of the Dungeon.
You visited 1 branch of the dungeon, and saw 2 of its levels.

You collected 46 gold pieces.

Inventory:

Jewellery
 f - a +4 ring of protection
Scrolls
 c - 3 scrolls of identify {unknown}
 e - a scroll of enchant armour {unknown}
 h - a scroll of magic mapping {unknown}
Potions
 a - a potion of might {unknown}
 b - 2 potions of brilliance {unknown}
 d - a potion of ambrosia {unknown}
 g - a potion of degeneration {unknown}
 i - 2 potions of curing {unknown}
 j - 4 potions of haste


   Skills:
 + Level 1.1 Fighting
 + Level 2.4 Dodging
 - Level 3.0 Stealth
 + Level 1.2 Unarmed Combat
 + Level 2.4 Spellcasting
 * Level 2.4 Transmutations
 * Level 4.7 Poison Magic


You had 7 spell levels left.
You knew the following spells:

 Your Spells              Type           Power      Damage    Failure   Level
a - Sting                 Tmut/Pois      60%        1d6       4%          1

Your spell library contained the following spells:

 Spells                   Type           Power      Damage    Failure   Level
 Poisonous Vapours        Pois/Air       20%        N/A       10%         2
 Apportation              Tloc           4%         N/A       17%         1
 Olgreb's Toxic Radiance  Pois           19%        N/A       24%         4
 Corpse Rot               Necr/Air       N/A        N/A       26%         2
 Mephitic Cloud           Conj/Pois/Air  7%         N/A       26%         3
 Alistair's Intoxication  Tmut/Pois      10%        N/A       73%         5
 Fulminant Prism          Conj/Hex       1%         3d6       86%         4
 Iskenderun's Mystic Bla  Conj/Tloc      2%         2d3       86%         4
 Freezing Cloud           Conj/Ice/Air   1%         6-21      99%         5
 Lee's Rapid Deconstruct  Erth           1%         3d5*      99%         5
 Invisibility             Hex            1%         N/A       100%        6


Dungeon Overview and Level Annotations

Branches:
Dungeon (2/15)

Altars:


Innate Abilities, Weirdness & Mutations

You cannot wear most types of armour.
You are amphibious.
You can wear up to eight rings at the same time.
Your skin changes colour to match your surroundings (Stealth+).
Your rubbery body absorbs attacks. (AC +1, EV +1)
((You are camouflaged near water. (Stealth+)))
You have tentacles for arms and can constrict up to eight enemies at once.


Message History

You kill the gnoll!
The gnoll drinks a potion.
The gnoll seems to speed up.
You have reached level 5!
You feel clever.
The sting hits the gnoll.
The gnoll is poisoned.
The gnoll is lightly wounded.
The gnoll hits you from afar with a +2 vorpal spear!
You are too injured to fight recklessly!
Casting: Sting (safe; 4% risk of failure)
Confirm with . or Enter, or press ? or * to list all spells.
Aiming: Sting (safe; 4% risk of failure)
Press: ? - help, Shift-Dir - straight line, f/p - gnoll
Aim: a gnoll, wielding a +2 vorpal spear (severely wounded, poisoned, 75% to hit)
The sting hits the gnoll.
The gnoll looks even sicker.
The gnoll is severely wounded.
The gnoll closely misses you.
You kill the gnoll!
Casting: Sting (safe; 4% risk of failure)
Confirm with . or Enter, or press ? or * to list all spells.
Aiming: Sting (safe; 4% risk of failure)
Press: ? - help, Shift-Dir - straight line, f - gnoll
Aim: a gnoll, wielding a +0 club (fast, 77% to hit)
The sting misses the gnoll.
Casting: Sting (safe; 4% risk of failure)
Confirm with . or Enter, or press ? or * to list all spells.
Aiming: Sting (safe; 4% risk of failure)
Press: ? - help, Shift-Dir - straight line, f/p - gnoll
Aim: a gnoll, wielding a +0 club (fast, 77% to hit)
The sting hits the gnoll.
The gnoll is poisoned.
The gnoll is lightly wounded.
The gnoll hits you with a +0 club.
You tentacle-slap the gnoll. You grab the gnoll.
The gnoll is moderately wounded.
You constrict the gnoll, but do no damage.
The gnoll hits you with a +0 club. x2
* * * LOW HITPOINT WARNING * * *
You tentacle-slap the gnoll but do no damage.
The gnoll is heavily wounded.
You constrict the gnoll. The gnoll hits you with a +0 club.
You die...

#.#
#.#.###..#.#######.#
#.# #.#
#...........# #.#
#.#
#.#######'####.#..#
#.####.#
#.##..............#
#.#....#
#.##..........^...#
#†#.####
#.##...††.........#
#.#.#
#.##..............#
#.#.#
#.##...........#.
#.#.#
#.##..........@#
#.#.#
#.##..........g#
#.#.####
###.##...........#
#.#.....
....############)#
#.#### ....# #.# ###
# ...## #.# #.# #
...# #)# #<# # ...#
... #.# # ...# ....#
#.# #


You could see a gnoll (fast, poisoned).

Vanquished Creatures
  Jessica (D:2)
  2 gnolls (D:2)
  3 adders (D:2)
  A worm (D:2)
  10 ball pythons
  6 bats
  6 endoplasms
  A giant cockroach (D:1)
  2 goblins
  10 hobgoblins
  5 kobolds
  2 quokkas
  3 frilled lizards
  7 rats
59 creatures vanquished.

Notes
Turn   | Place    | Note
-------+----------+-------------------------------------------
     0 | D:1      | vvl the Octopode Venom Mage began the quest for the Orb.
     0 | D:1      | Reached XP level 1. HP: 11/11 MP: 3/3
   608 | D:1      | Reached XP level 2. HP: 17/17 MP: 1/5
   782 | D:1      | Found a faded altar of an unknown god.
  1222 | D:1      | Reached skill level 4 in Poison Magic
  1254 | D:1      | Reached XP level 3. HP: 19/22 MP: 4/6
  2390 | D:2      | Reached XP level 4. HP: 27/27 MP: 5/7
  2533 | D:2      | Noticed Jessica
  2542 | D:2      | Killed Jessica
  2543 | D:2      | Reached skill level 1 in Fighting
  2809 | D:2      | Reached skill level 1 in Unarmed Combat
  3242 | D:2      | Reached XP level 5. HP: 27/33 MP: 3/8
  3252 | D:2      | Slain by a gnoll

Illustrated notes

Levels and vault maps discovered:
D:1:      dpeg_arrival_simpleton_b, layout_basic,
          hellmonk_ecumenical_altar_zigzags, dk_noncrumbling_4,
          amethyst_killhole
D:2:      layout_basic, uniq_jessica

Skill      XL: |  1  2  3  4 |
---------------+-------------+-----
Stealth        | 3 |  3.0
Poison Magic   | 4 |  4.7
Transmutations | 2 |  2.4
Fighting       | 1 |  1.1
Unarmed Combat | 1 |  1.2
Dodging        | |  2.4
Spellcasting   | |  2.4

Action                   |  1- 3 |  4- 6 || total
-------------------------+-------+-------++-------
Melee: Hand axe          |     6 |       ||     6
       Unarmed           |    66 |    12 ||    78
       Constrict         |    22 |     4 ||    26
       Tentacles         |     6 |     2 ||     8
       Punch             |     1 |       ||     1
 Cast: Sting             |    38 |    41 ||    79
 Stab: Sleeping          |     9 |       ||     9
Armor: Skin              |    10 |     1 ||    11
Dodge: Dodged            |    61 |    25 ||    86
